 Dungeon Crawl Stone Soup version 0.25-a0-410-g53dbb631d1 (webtiles) character file.

Game seed: 14116070407421335749, levelgen mode: deterministic

84214 LSt the Unseen (level 15, -6/61 HPs)
             Began as a Felid Enchanter on Jan 12, 2020.
             Was the Champion of Dithmenos.
             Hit by a javelin thrown by a merfolk javelineer (22 damage)
             ... on level 1 of the Shoals on Jan 13, 2020.
             The game lasted 07:21:54 (55474 turns).

LSt the Unseen (Felid Enchanter)                   Turns: 55474, Time: 07:21:55

Health: -6/61      AC:  3    Str:  4    XL:     15   Next: 34%
Magic:  23/30      EV: 33    Int: 17    God:    Dithmenos [******]
Gold:   2738       SH:  0    Dex: 23    Spells: 9/34 levels left
                                        Lives:  0   Deaths: 2

rFire    . . .     SeeInvis +     - Unarmed
rCold    + . .     Gourm    .   (shield unavailable)
rNeg     . . .     Faith    .   (armour unavailable)
rPois    +         Spirit   .   (helmet unavailable)
rElec    .         Reflect  .   (cloak unavailable)
rCorr    .         Harm     .   (gloves unavailable)
MR       ++...                  (boots unavailable)
Stlth    ++++++++..             a - amulet of magic regeneration
HPRegen  0.20/turn              E - ring of poison resistance
MPRegen  0.47/turn              v - ring of wizardry

@: lethally poisoned (-6 -> -29), confusing touch, very slightly contaminated,
wreathed by umbra, very slow
A: very small, no armour, no weapons or thrown items, stealth, claws 1, fangs 3,
see invisible, carnivore, speed 1, shaggy fur 3, slow metabolism 1, sharp paws
a: Shadow Step, Shadow Form, Renounce Religion


You were on level 1 of the Shoals.
You worshipped Dithmenos.
Dithmenos was exalted by your worship.
You were completely stuffed.

You visited 6 branches of the dungeon, and saw 28 of its levels.

You collected 2738 gold pieces.

Inventory:

Jewellery
 a - an amulet of magic regeneration (around neck)
 c - an uncursed amulet of rage
 g - an uncursed ring of protection from fire
 k - an uncursed ring of protection from magic
 l - an uncursed ring of stealth
 m - the ring of the Garden {rC+++ AC+4 Str-2 Int+3 Dex-2}
   (You acquired it on level 1 of the Spider Nest)

   [ring of protection]

   It affects your AC (+4).
   It affects your strength (-2).
   It affects your intelligence (+3).
   It affects your dexterity (-2).
   It renders you almost immune to cold.
 r - an uncursed amulet of the acrobat
 v - a ring of wizardry (right paw)
 C - an uncursed ring of teleportation
 E - a ring of poison resistance (left paw)
 N - a +3 amulet of reflection {unknown}
 Q - an uncursed ring of protection from fire
 S - an uncursed ring of wizardry
 T - an uncursed ring of ice
Wands
 n - a wand of polymorph (17)
 t - a wand of clouds (4)
 w - a wand of acid (27)
 x - a wand of flame (57)
 A - a wand of paralysis (6)
 D - a wand of random effects (15)
 J - a wand of scattershot (3)
 R - a wand of iceblast (7)
 Y - a wand of digging (14)
Scrolls
 e - 4 scrolls of teleportation
 p - 2 scrolls of fog
 u - 2 scrolls of immolation
 y - a scroll of magic mapping
 F - 3 scrolls of amnesia
 G - 2 scrolls of blinking
 I - a scroll of summoning {unknown}
 K - 2 scrolls of noise
 M - 5 scrolls of remove curse
 O - a scroll of vulnerability {unknown}
 P - 2 scrolls of identify
 V - a scroll of torment
 W - 5 scrolls of fear
Potions
 d - 2 potions of flight
 f - 2 potions of haste
 h - 7 potions of agility
 i - 13 potions of curing
 j - 10 potions of heal wounds
 o - 4 potions of brilliance
 q - 3 potions of magic
 s - 3 potions of lignification
 z - 2 potions of ambrosia
 H - 2 potions of berserk rage
 X - 2 potions of mutation
 Z - a potion of invisibility {unknown}
Miscellaneous
 B - a lightning rod (4/4)
 U - a fan of gales
Comestibles
 b - 28 rations
 L - 4 chunks of flesh


   Skills:
 - Level 5.5 Fighting
 - Level 14.8 Dodging
 - Level 19.7 Stealth
 - Level 12.3 Unarmed Combat
 - Level 10.0 Spellcasting
 - Level 12.6 Hexes
 - Level 13.1 Summonings
 + Level 11.0 Translocations
 - Level 1.6 Invocations


You had 9 spell levels left.
You knew the following spells:

 Your Spells              Type           Power        Failure   Level  Hunger
a - Corona                Hex            ######.      1%          1    None
b - Ensorcelled Hibernat  Hex/Ice        ####..       1%          2    None
c - Confusing Touch       Hex            ######..     1%          3    None
e - Dazzling Flash        Conj/Hex       ####..       1%          3    None
f - Blink                 Tloc           N/A          1%          2    None
g - Slow                  Hex            ######..     1%          2    None
h - Shadow Creatures      Summ           N/A          2%          6    ######.
i - Invisibility          Hex            ######..     3%          6    ######.

Your spell library contained the following spells:

 Spells                   Type           Power        Failure   Level  Hunger
 Apportation              Tloc           #####.       1%          1    None
 Summon Butterflies       Summ           ######..     1%          1    None
 Call Imp                 Summ           ######..     1%          2    None
 Call Canine Familiar     Summ           ######..     1%          3    None
 Gell's Gravitas          Tloc           #####.....   1%          3    None
 Inner Flame              Hex/Fire       ####....     1%          3    None
 Lesser Beckoning         Tloc           #####.....   1%          3    None
 Summon Guardian Golem    Hex/Summ       ######..     1%          3    None
 Tukima's Dance           Hex            ######..     1%          3    None
 Aura of Abjuration       Summ           ######....   1%          5    #####..
 Summon Forest            Summ/Tloc      #####.....   1%          5    #####..
 Foxfire                  Conj/Fire      #...         3%          1    None
 Magic Dart               Conj           #...         3%          1    None
 Darkness                 Hex            ######....   3%          6    ######.
 Corpse Rot               Necr/Air       N/A          5%          2    None
 Sublimation of Blood     Necr           #.........   5%          2    None
 Metabolic Englaciation   Hex/Ice        ####......   8%          5    #####..
 Silence                  Hex/Air        ####......   8%          5    #####..
 Yara's Violent Unravell  Hex/Tmut       ####......   8%          5    #####..
 Conjure Flame            Conj/Fire      #.......     11%         3    None
 Ignite Poison            Fire/Tmut/Pois #.......     11%         3    None
 Mephitic Cloud           Conj/Pois/Air  #.......     11%         3    None
 Stone Arrow              Conj/Erth      #.....       11%         3    None
 Summon Hydra             Summ           ######....   13%         7    #######
 Malign Gateway           Summ/Tloc      #####.....   21%         7    #######
 Petrify                  Tmut/Erth      #.......     32%         4    ###....
 Sticky Flame             Conj/Fire      #.......     32%         4    ###....
 Alistair's Intoxication  Tmut/Pois      #.......     65%         5    #####..
 Borgnjor's Vile Clutch   Necr/Erth      #.........   65%         5    #####..
 Fireball                 Conj/Fire      #.........   65%         5    #####..
 Irradiate                Conj/Tmut      #.........   65%         5    #####..
 Haunt                    Necr/Summ      ####......   86%         7    #######
 Eringya's Noxious Bog    Tmut/Pois      #.........   99%         6    ######.
 Hydra Form               Tmut           #.........   99%         6    ######.
 Borgnjor's Revivificati  Necr           #.........   100%        8    #######
 Death's Door             Chrm/Necr      #.........   100%        8    #######
 Ignition                 Fire           #.........   100%        8    #######
 Infestation              Necr           #.........   100%        8    #######
 Necromutation            Tmut/Necr      #.........   100%        8    #######
 Dragon's Call            Summ           ######....   100%        9    #######


Dungeon Overview and Level Annotations

Branches:
Dungeon (15/15)            Temple (1/1) D:7            Lair (6/6) D:11
 Shoals (1/4) Lair:2       Spider (3/4) Lair:4        Slime (0/5) Lair:6
    Orc (2/2) D:11            Elf (0/3) Orc:2        Vaults (0/5) D:13
 Depths (0/5) D:15

Altars:
Ashenzari
Cheibriados
Dithmenos
Elyvilon
Fedhas
Gozag
Hepliaklqana
Kikubaaqudgha
Makhleb
Nemelex Xobeh
Okawaru
Qazlal
Ru
Sif Muna
Trog
Uskayaw
Vehumet
Wu Jian
Xom
Yredelemnul
Zin
The Shining One
Beogh
Jiyva

Shops:
D:12 }   Orc:2 !}([

Annotations:
D:15 13 runed doors, Roxanne


Innate Abilities, Weirdness & Mutations

You cannot wear armour.
You are incapable of wielding weapons or throwing items.
Your paws allow you to move quietly. (Stealth)
You have sharp claws.
You have razor-sharp teeth.
You have supernaturally acute eyesight. (SInv)
You are carnivorous and can eat meat at any time.
You cover ground quickly.
Your thick and shaggy fur keeps you warm. (AC +3, rC+)
You have a slow metabolism.
Your sharp claws are effective at attacking unaware monsters.


Message History

Casting: Confusing Touch (safe; 1% risk of failure)
Confirm with . or Enter, or press ? or * to list all spells.
You blink.
You feel very sick.
Casting: Blink (safe; 1% risk of failure)
Confirm with . or Enter, or press ? or * to list all spells.
You blink.
Splash!
You fall into the shallow water.
Moving in this stuff is going to be slow.
A merfolk javelineer comes into view. It is wielding a +0 spear of venom.
You feel sick.
The merfolk javelineer shouts!
The wind drake hisses angrily.
The wind drake flaps its wings at you. The air twists around and strikes you!!
* * * LOW HITPOINT WARNING * * *
You emit a cloud of dark smoke.
The merfolk javelineer throws a javelin.
The javelin pierces through you!!
You die...

##§§§§§..P..P≈≈........#.
##P.§##....P........)###
##§§§###.P...PP....)## #
#.PS$###PP#######....###
#..≈≈......### ##........
..PP.≈≈≈≈PP≈≈...###.....)...
≈≈P.≈≈≈≈≈≈≈≈≈P?..........>..
≈≈≈≈≈≈≈≈≈≈§≈≈≈P........##...
≈≈≈≈≈≈≈≈≈≈§@PP≈P..≈.=....≈.(
≈≈≈≈≈≈≈≈≈≈§§§≈≈≈≈≈≈......≈..
≈≈≈≈≈≈≈≈≈≈≈≈≈≈≈≈≈≈≈≈.≈.≈≈..≈
≈≈≈≈≈≈≈≈≈≈≈≈≈≈≈.≈≈≈≈≈...
≈≈≈≈≈m≈≈≈≈≈≈≈≈≈≈≈≈≈≈≈.##
≈≈≈≈≈≈≈≈≈≈≈≈≈.≈≈≈≈≈≈≈.##
≈≈≈≈≈≈≈≈≈≈≈.k≈≈≈≈≈≈≈≈...
≈≈≈≈.≈≈≈.≈..)≈≈ ≈≈≈≈≈≈≈≈
≈≈≈≈≈≈≈


You could see a merfolk javelineer, a sea snake and a wind drake.

Vanquished Creatures
  Mara (Spider:3)
  Donald (Spider:2)
  3 entropy weavers
  4 dire elephants (Lair:6)
  A yaktaur captain (D:15)
  A merfolk impaler (Shoals:1)
  The ghost of Roran the Transmogrifier, a journeyman NaTm of Gozag (Lair:1)
  Harold (D:7)
  5 hydras
  Fannar (Lair:2)
  4 centaur warriors
  2 two-headed ogres
  An anaconda (Lair:6)
  A merfolk avatar (Shoals:1)
  2 dancing weapons (D:13)
  A tengu warrior (D:15)
  A catoblepas (Lair:2)
  3 orc high priests (Orc:2)
  9 death yaks
  Sonja (Lair:2)
  2 sea snakes (Shoals:1)
  3 unseen horrors
  5 orc knights (Orc:2)
  Pikel (D:4)
  4 orc sorcerers (Orc:2)
  3 deep elf magi
  16 wolf spiders
  2 orb spiders
  6 ugly things (D:14)
  3 cyclopes
  4 manticores
  8 fauns (Shoals:1)
  A moth of wrath (Spider:2)
  20 elephants (Lair:6)
  A water nymph (Shoals:1)
  5 black mambas
  3 centaur zombies
  2 merfolk sirens (Shoals:1)
  A gargoyle (D:14)
  Maggie (D:8)
  16 spiny frogs
  5 torpor snails
  10 komodo dragons
  A yaktaur (D:15)
  4 kobold demonologists
  4 demonic crawlers
  2 tengu conjurers
  A queen bee (Spider:1)
  6 polar bears
  5 meliai
  3 hornets
  5 trolls
  Grinder (D:6)
  10 slime creatures
  22 jumping spiders
  8 blink frogs
  14 hippogriffs
  2 snapping turtles (Shoals:1)
  Sigmund (D:3)
  A shadow (D:15)
  A water elemental (Shoals:1)
  2 wraiths
  44 redbacks
  38 yaks
  3 wyverns
  18 tarantellas
  2 basilisks
  A human (D:6)
  4 hogs
  2 vampire mosquitoes
  Eustachio (D:6)
  2 hungry ghosts
  2 wargs
  3 acid dragons
  11 water moccasins
  10 porcupines
  42 orc warriors
  9 sky beasts
  2 slaves
  4 black bears
  An eye of draining (D:13)
  6 ice beasts
  A necrophage (D:8)
  27 wolves
  9 ogres
  11 crocodiles
  11 centaurs
  A gnoll sergeant (D:10)
  10 bullfrogs
  3 scorpions
  19 killer bees
  8 wights
  A vampire bat (Lair:4)
  An electric eel (Spider:2)
  7 jellies
  4 howler monkeys
  7 crimson imps
  3 bullfrog zombies
  A lava snake (D:12)
  2 quasits (D:7)
  4 centaur skeletons
  A gnoll shaman (Orc:1)
  38 orc priests
  Crazy Yiuf (D:3)
  5 hounds
  32 orc wizards
  6 iguanas
  Terence (D:3)
  9 worker ants
  A killer bee zombie (D:7)
  A worker ant zombie (D:4)
  11 gnolls
  9 adders
  3 shadow imps
  An ooze (Lair:6)
  2 adder zombies (D:7)
  An adder skeleton (D:7)
  3 worms
  4 dart slugs
  2 leopard geckos
  137 orcs
  15 bats
  7 giant cockroaches
  11 goblins
  3 hobgoblins
  4 jackals
  8 quokkas
  4 frilled lizards
  A goblin skeleton (D:7)
  A goblin zombie (D:7)
  2 hobgoblin zombies (D:7)
  A jackal skeleton (D:6)
  9 kobolds
  An orc skeleton (D:7)
  2 orc zombies (D:7)
  6 rats
  5 plants
942 creatures vanquished.

Vanquished Creatures (collateral kills)
  The ghost of Ludwuzim the Eclecticist, an adept OpEE of Vehumet (Spider:1)
  An entropy weaver (Spider:1)
  2 dire elephants (Lair:6)
  A centaur warrior (D:15)
  An oklob plant (D:11)
  A demonic crawler (Spider:2)
  A tengu conjurer (D:15)
  A merfolk (Shoals:1)
  A meliai (Spider:1)
  A troll (D:15)
  2 tarantellas
  9 redbacks
  An orc warrior (Orc:2)
  An ogre (D:3)
  A centaur (D:14)
  A killer bee (Spider:1)
  2 wights
  An orc wizard (Orc:2)
  3 orcs (Orc:2)
32 creatures vanquished.

Vanquished Creatures (others)
  2 fauns (Shoals:1)
  2 dancing weapons (D:4)
  An orc priest (D:4)
  2 orcs (D:4)
  17 fungi
  32 plants
56 creatures vanquished.

Grand Total: 1030 creatures vanquished

Notes
Turn   | Place    | Note
-------+----------+-------------------------------------------
     0 | D:1      | LSt the Felid Enchanter began the quest for the Orb.
     0 | D:1      | Reached XP level 1. HP: 7/7 MP: 4/4
   462 | D:1      | Reached XP level 2. HP: 11/11 MP: 4/6
   487 | D:1      | Learned a level 2 spell: Ensorcelled Hibernation
  1406 | D:2      | Reached skill level 5 in Hexes
  1567 | D:2      | Found an iron altar of Okawaru.
  1583 | D:2      | Reached XP level 3. HP: 14/14 MP: 4/7
  1619 | D:2      | Learned a level 3 spell: Confusing Touch
  3289 | D:3      | Found a runed translucent door.
  3290 | D:3      | Noticed Crazy Yiuf
  3310 | D:3      | Noticed an ogre
  3434 | D:2      | Reached XP level 4. HP: 18/18 MP: 5/8
  3748 | D:3      | Noticed Terence
  3758 | D:3      | Killed Terence
  3758 | D:3      | Reached skill level 5 in Stealth
  4377 | D:3      | Reached XP level 5. HP: 14/21 MP: 5/9
  4514 | D:3      | Noticed Sigmund
  4598 | D:4      | Noticed a slave
  4598 | D:4      | Noticed a slave
  5165 | D:4      | Killed a slave
  5209 | D:4      | Learned a level 3 spell: Tukima's Dance
  5266 | D:4      | Noticed a slave
  5267 | D:4      | Noticed Pikel
  5363 | D:3      | Killed Crazy Yiuf
  5736 | D:3      | Killed Sigmund
  5736 | D:3      | Gained mutation: You are covered in thick fur. (AC +2)
                  | [Felid growth]
  5736 | D:3      | Reached XP level 6. HP: 22/24 MP: 6/11
  6277 | D:3      | Reached skill level 6 in Stealth
  6557 | D:4      | Noticed a slave
  6663 | D:3      | Killed a slave
  6777 | D:3      | Reached XP level 7. HP: 27/27 MP: 9/12
  7672 | D:4      | Killed Pikel
  7672 | D:4      | Reached skill level 9 in Stealth
  8432 | D:3      | Reached skill level 10 in Stealth
  8432 | D:3      | Reached XP level 8. HP: 24/31 MP: 11/13
  8506 | D:3      | Learned a level 3 spell: Dazzling Flash
  8579 | D:4      | Found a stormy altar of Qazlal.
  8581 | D:4      | Found a white marble altar of Elyvilon.
  8581 | D:4      | Found a radiant altar of Vehumet.
  8583 | D:4      | Found a shimmering altar of Xom.
  8583 | D:4      | Found a snail-covered altar of Cheibriados.
  8583 | D:4      | Found a stormy altar of Qazlal.
  9002 | D:4      | Found a radiant altar of Vehumet.
  9004 | D:4      | Found a shimmering altar of Xom.
  9004 | D:4      | Found a snail-covered altar of Cheibriados.
  9004 | D:4      | Found a stormy altar of Qazlal.
  9289 | D:4      | Found a radiant altar of Vehumet.
  9291 | D:4      | Found a shimmering altar of Xom.
  9291 | D:4      | Found a snail-covered altar of Cheibriados.
  9291 | D:4      | Found a stormy altar of Qazlal.
  9684 | D:4      | Found a radiant altar of Vehumet.
  9686 | D:4      | Found a shimmering altar of Xom.
  9686 | D:4      | Found a snail-covered altar of Cheibriados.
  9686 | D:4      | Found a stormy altar of Qazlal.
 10086 | D:4      | Found a radiant altar of Vehumet.
 10088 | D:4      | Found a shimmering altar of Xom.
 10088 | D:4      | Found a snail-covered altar of Cheibriados.
 10088 | D:4      | Found a stormy altar of Qazlal.
 10138 | D:4      | Found a radiant altar of Vehumet.
 10140 | D:4      | Found a shimmering altar of Xom.
 10140 | D:4      | Found a snail-covered altar of Cheibriados.
 10140 | D:4      | Found a stormy altar of Qazlal.
 10495 | D:5      | Entered Level 5 of the Dungeon
 10533 | D:5      | Reached skill level 5 in Unarmed Combat
 10875 | D:5      | Found a blossoming altar of Fedhas.
 11017 | D:5      | Reached skill level 1 in Fighting
 11929 | D:6      | Noticed Grinder
 11945 | D:6      | Killed Grinder
 11945 | D:6      | Reached skill level 11 in Stealth
 12185 | D:6      | Found a radiant altar of Vehumet.
 12604 | D:6      | Noticed Eustachio
 12749 | D:6      | Killed Eustachio
 13573 | D:6      | Reached XP level 9. HP: 30/35 MP: 10/14
 13958 | D:6      | Reached skill level 12 in Stealth
 14305 | D:7      | Found a staircase to the Ecumenical Temple.
 14311 | Temple   | Entered the Ecumenical Temple
 14504 | Temple   | Became a worshipper of Dithmenos the Shadowed
 14949 | D:7      | Noticed a troll
 14951 | D:7      | Found the cursed +13 scythe of Curses {drain, *Curse}
 14981 | D:7      | Reached skill level 10 in Hexes
 15000 | D:7      | Killed a troll
 15210 | D:7      | Noticed a tengu conjurer
 15290 | D:7      | Found a sparkling altar of Nemelex Xobeh.
 15290 | D:7      | Noticed Harold
 15333 | D:7      | Reached XP level 10. HP: 39/39 MP: 9/15
 15556 | D:8      | Found a basalt altar of Yredelemnul.
 15556 | D:8      | Found a sacrificial altar of Ru.
 15559 | D:8      | Reached * piety under Dithmenos
 15565 | D:8      | Reached skill level 5 in Dodging
 15565 | D:8      | Reached skill level 13 in Stealth
 15631 | D:8      | Found a white marble altar of Elyvilon.
 15632 | D:8      | Noticed Maggie
 15648 | D:8      | Killed Maggie
 16585 | D:7      | Found a hazy altar of Hepliaklqana.
 16586 | D:7      | Found a radiant altar of Vehumet.
 16586 | D:7      | Found an opulent altar of Gozag.
 16587 | D:7      | Killed Harold
 16587 | D:7      | Reached skill level 14 in Stealth
 16663 | D:7      | Found a glowing golden altar of the Shining One.
 16675 | D:7      | Reached ** piety under Dithmenos
 18331 | D:10     | Entered Level 10 of the Dungeon
 18513 | D:10     | Reached skill level 10 in Unarmed Combat
 18591 | D:10     | Reached XP level 11. HP: 42/42 MP: 16/16
 18648 | D:10     | Reached *** piety under Dithmenos
 18801 | D:10     | Learned a level 2 spell: Blink
 19313 | D:10     | Reached skill level 1 in Invocations
 20181 | D:11     | Found a staircase to the Orcish Mines.
 20210 | D:11     | Reached **** piety under Dithmenos
 20350 | D:11     | Reached skill level 15 in Stealth
 21069 | D:11     | Found a staircase to the Lair.
 21069 | D:11     | Noticed an oklob plant
 21500 | D:11     | Noticed an unseen horror
 21506 | D:11     | Killed an unseen horror
 21646 | Lair:1   | Entered Level 1 of the Lair of Beasts
 22788 | D:12     | Noticed a two-headed ogre
 22795 | D:12     | Killed a two-headed ogre
 22795 | D:12     | Reached skill level 5 in Translocations
 22858 | D:12     | Noticed a shadow dragon
 23279 | Lair:1   | Reached skill level 16 in Stealth
 23529 | D:11     | Learned a level 2 spell: Slow
 24239 | Lair:1   | Found the +0 pair of fencer's gloves {Riposte Dex+3}
 24318 | Lair:1   | Reached skill level 10 in Dodging
 24690 | Lair:1   | Gained mutation: Your thick and shaggy fur keeps you warm.
                  | (AC +3, rC+) [Felid growth]
 24690 | Lair:1   | Reached XP level 12. HP: 46/46 MP: 15/17
 24798 | Lair:1   | Found a runed translucent gate.
 24799 | Lair:1   | Found a runed translucent gate.
 24800 | Lair:1   | Found a runed translucent gate.
 24800 | Lair:1   | Noticed Roran's ghost (journeyman NaTm)
 24810 | Lair:1   | Killed Roran's ghost
 24982 | Lair:2   | Found a staircase to the Shoals.
 25688 | Lair:2   | Found a glowing silver altar of Zin.
 25754 | Lair:2   | Noticed Sonja
 25869 | Lair:2   | Noticed a catoblepas
 25874 | Lair:2   | Killed a catoblepas
 25874 | Lair:2   | Reached skill level 17 in Stealth
 26062 | Lair:2   | Noticed Fannar
 26065 | Lair:2   | Killed Fannar
 26447 | Lair:2   | Killed Sonja
 26940 | Lair:3   | Reached skill level 18 in Stealth
 28348 | Lair:4   | Reached XP level 13. HP: 51/51 MP: 16/18
 28432 | Lair:4   | Reached skill level 19 in Stealth
 28695 | Lair:4   | Reached ***** piety under Dithmenos
 28793 | Lair:4   | Found a hole to the Spider Nest.
 29522 | Lair:5   | Learned a level 2 spell: Call Imp
 29597 | Lair:5   | Reached skill level 1 in Summonings
 30391 | Lair:5   | Reached skill level 5 in Summonings
 30637 | Lair:6   | Entered Level 6 of the Lair of Beasts
 31879 | Lair:6   | Reached XP level 14. HP: 55/55 MP: 15/19
 32643 | Lair:6   | Found a runed translucent door.
 32643 | Lair:6   | Found a viscous altar of Jiyva.
 32644 | Lair:6   | Found a staircase to the Slime Pits.
 33262 | Lair:6   | Reached skill level 10 in Summonings
 35153 | D:12     | Found Geecybb's Gadget Boutique.
 35362 | D:12     | Found a roughly hewn altar of Beogh.
 35848 | D:13     | Found a gate to the Vaults.
 35859 | D:13     | Reached skill level 5 in Spellcasting
 35896 | D:12     | Learned a level 6 spell: Shadow Creatures
 36608 | D:14     | You fall into a shaft and drop 1 floor!
 36608 | D:15     | Entered Level 15 of the Dungeon
 36631 | D:15     | Reached ****** piety under Dithmenos
 40217 | Orc:1    | Entered Level 1 of the Orcish Mines
 40258 | Orc:2    | Entered Level 2 of the Orcish Mines
 40337 | Orc:2    | Reached XP level 15. HP: 58/60 MP: 20/23
 41062 | Orc:2    | HP: 3/60 [orc warrior/+0 halberd[an orc knight] (18)]
 41069 | Orc:2    | Mangled by an orc warrior
 41070 | Orc:2    | Reached XP level 14. HP: -12/57 MP: 16/22
 42004 | Orc:2    | Found a staircase to the Elven Halls.
 42048 | Orc:2    | Found a roughly hewn altar of Beogh.
 42252 | Orc:2    | Found Buoloufu's Distillery.
 44043 | Orc:2    | Found Syanapau's Armour Shop.
 44044 | Orc:2    | Found Lautis Gorho's Antique Weapon Shoppe.
 44044 | Orc:2    | Found Siraden's Gadget Shoppe.
 45222 | D:15     | Noticed Roxanne
 45999 | D:15     | Identified a scroll of acquirement
 45999 | D:15     | Identified the Incunabulum of Summoning (You acquired it on
                  | level 15 of the Dungeon)
 45999 | D:15     | Identified the ring of Ifiusof {rElec rCorr Str+4} (You
                  | acquired it on level 15 of the Dungeon)
 46014 | D:15     | Found a huge runed gate.
 46018 | D:15     | Found a sacrificial altar of Ru.
 46113 | D:15     | Found a huge runed gate.
 46114 | D:15     | Found a huge runed gate.
 46116 | D:15     | Found a huge runed gate.
 46116 | D:15     | Found a huge runed gate.
 46120 | D:15     | Found a huge runed gate.
 46121 | D:15     | Found a huge runed gate.
 46541 | D:15     | Found a staircase to the Depths.
 46625 | D:15     | Found a huge runed gate.
 46625 | D:15     | Found a huge runed gate.
 46625 | D:15     | Found a huge runed gate.
 46625 | D:15     | Found a huge runed gate.
 46651 | D:15     | Found a huge runed gate.
 46652 | D:15     | Found a huge runed gate.
 46928 | Spider:1 | Entered Level 1 of the Spider Nest
 46935 | Spider:1 | Noticed an entropy weaver
 46941 | Spider:1 | Killed an entropy weaver
 47363 | Spider:1 | Noticed an entropy weaver
 47483 | Spider:1 | Identified the ring of the Garden {rC+++ AC+4 Str-2 Int+3
                  | Dex-2} (You acquired it on level 1 of the Spider Nest)
 48083 | Spider:1 | Killed from afar by a meliai
 48084 | Spider:1 | Reached XP level 13. HP: -4/52 MP: 9/26
 48100 | Spider:1 | Learned a level 6 spell: Invisibility
 48147 | Spider:1 | Reached XP level 14. HP: 35/57 MP: 9/27
 48157 | Spider:1 | Killed an entropy weaver
 49081 | Spider:1 | Found a runed translucent door.
 49082 | Spider:1 | Noticed Ludwuzim's ghost (adept OpEE)
 50033 | Spider:1 | Killed Ludwuzim's ghost
 50048 | Spider:1 | Identified Hamuopn's Disquisition on Calling and the Blaze
 50740 | Spider:2 | Noticed Donald
 50745 | Spider:2 | Killed Donald
 51469 | Spider:2 | Noticed an entropy weaver
 51477 | Spider:2 | Killed an entropy weaver
 51963 | Spider:3 | Noticed Mara
 51973 | Spider:3 | Killed Mara
 51973 | Spider:3 | Reached skill level 5 in Fighting
 52653 | Spider:3 | Reached skill level 10 in Spellcasting
 53174 | Spider:3 | Reached XP level 15. HP: 61/61 MP: 25/30
 54236 | Shoals:1 | Entered Level 1 of the Shoals
 54785 | Shoals:1 | Upgraded the game from 0.25-a0-404-gc1b5a34292 to
                  | 0.25-a0-410-g53dbb631d1
 55093 | Shoals:1 | Reached skill level 10 in Translocations
 55474 | Shoals:1 | Hit by a javelin thrown by a merfolk javelineer

Levels and vault maps discovered:
D:1:      dpeg_arrival_water_temple_mockup, layout_loops_corners,
          minmay_misc_feat_iff
D:2:      layout_basic, okawaru_metal_pillars_1_2, minmay_ruptured
D:3:      layout_loops_ring, first_ration, uniq_sigmund, uniq_terence,
          uniq_crazy_yiuf_cottage
D:4:      layout_cave_pools, doesnt_xom_only_xom, uniq_pikel
D:5:      layout_rooms, minmay_crystal_water, nrook_campfire,
          fedhas_altar_fruit_tree
D:6:      layout_gridville, minmay_stone_trees_small, vehumet_altar_wand_db,
          uniq_grinder, uniq_eustachio
D:7:      minmay_the_grid_octo_tiled_octocenter [minmay_the_grid_octo_pinwheel,
          minmay_the_grid_octo_fan_narrow, minmay_the_grid_octo_77,
          minmay_the_grid_octo_shrine,
          minmay_the_grid_octo_prize_ultimate_mussel_roller,
          minmay_the_grid_square_5x5_sharp_hourglass,
          minmay_the_grid_square_5x5_mess, minmay_the_grid_square_5x5_dogpile,
          minmay_the_grid_square_5x5_two], layout_basic,
          minmay_temple_entry_hall, grunt_livestock, grunt_ministairs_15,
          nicolae_tso_besieged_by_evil, uniq_harold
D:8:      layout_loops_ring, grunt_temple_overflow_open,
          kennysheep_generic_room_2, uniq_maggie
D:9:      layout_grid_maze, minmay_orc_keep
D:10:     layout_stronghold
D:11:     layout_irregular_city, dpeg_oklobed_lair, hiddenorc2_lemuel
D:12:     kennysheep_scales, layout_irregular_city, serial_shops, shop,
          minmay_misc_feat_enclosed, david_defended_altar_orc
D:13:     layout_irregular_city, erik_vaults_1
D:14:     layout_loops_ring, nicolae_wwwww
D:15:     grunt_enter_depths_snipers, layout_long_grid,
          nicolae_ru_the_path_less_chosen, minmay_misc_feat_square, door_vault,
          uniq_roxanne
Temple:   eino_narrow_crystal_temple
Lair:1:   layout_big_grid, ebering_ghost_rock_garden
Lair:2:   layout_cave_pods, minmay_shoals_entry_beasts, basic_altar, uniq_sonja,
          uniq_fannar
Lair:3:   beast_lair_carwin_large_2, layout_gridlike,
          chequers_serial_rivers_micro_b
Lair:4:   layout_regular_city, nicolae_spider_entry_tight_spaces,
          roderic_batcave
Lair:5:   layout_regular_city, hibernation_bobbens
Lair:6:   due_jungle_book, layout_gridlike, slime_altar_2
Shoals:1: layout_shoals
Spider:1: layout_chambers, ebering_ghost_reflecting_pool,
          nicolae_looking_at_the_future
Spider:2: layout_spider_delve, drop_trap, uniq_donald
Spider:3: layout_spider_delve, uniq_mara
Orc:1:    layout_diamond_mine
Orc:2:    st_orc_elflike, layout_diamond_mine, basic_altar, lightli_orcish_oven

Skill      XL: |  1  2  3  4  5  6  7  8  9 10 11 12 13 14 15 |
---------------+----------------------------------------------+-----
Unarmed Combat | 2 3 4 6 8 10 11 12 | 12.3
Hexes          | 5 7 8 10 11 12 | 12.6
Stealth        | 5 6 10 11 12 14 16 18 19 | 19.7
Spellcasting   | 3 10 | 10.0
Fighting       | 1 2 3 5 |  5.5
Dodging        | 3 4 6 10 11 12 14 | 14.8
Translocations | 5 6 11 | 11.0
Invocations    | 1 |  1.6
Summonings     | 8 13 | 13.1

Action                   |  1- 3 |  4- 6 |  7- 9 | 10-12 | 13-15 || total
-------------------------+-------+-------+-------+-------+-------++-------
Melee: Unarmed           |    89 |    71 |   183 |   479 |  1153 ||  1975
       Bite              |     2 |     3 |    12 |    32 |   112 ||   161
       Punch             |       |       |       |    11 |    56 ||    67
 Cast: Corona            |    14 |     7 |     7 |     9 |   125 ||   162
       Ensorcelled Hiber |    19 |    32 |    85 |   238 |   296 ||   670
       Confusing Touch   |       |     7 |    18 |    43 |    85 ||   153
       Tukima's Dance    |       |     2 |    10 |       |    10 ||    22
       Dazzling Flash    |       |       |    11 |       |   132 ||   143
       Blink             |       |       |       |    13 |    23 ||    36
       Slow              |       |       |       |     4 |     4 ||     8
       Shadow Creatures  |       |       |       |       |    57 ||    57
       Invisibility      |       |       |       |       |    29 ||    29
       Call Imp          |       |       |       |       |     1 ||     1
Invok: Shadow Step       |       |       |       |     3 |     8 ||    11
Evoke: Wand              |       |       |       |     7 |     6 ||    13
       Lightning rod     |       |       |       |     1 |       ||     1
  Use: Scroll            |     1 |       |     8 |    12 |    18 ||    39
       Potion            |       |       |       |     1 |     4 ||     5
 Stab: Sleeping          |    28 |    23 |    61 |   204 |   296 ||   612
       Confused          |       |     4 |    15 |    36 |    71 ||   126
       Distracted        |       |       |     2 |       |     9 ||    11
       Invisible         |       |       |     4 |       |   111 ||   115
  Eat: Chunk             |    13 |     9 |    24 |    41 |   101 ||   188
       Ration            |       |       |       |       |    10 ||    10
Armor: Skin              |     4 |     1 |     7 |    10 |    30 ||    52
Dodge: Dodged            |    62 |    34 |   119 |   305 |   855 ||  1375

Table legend:
 A = Non-vault XP
 B = Vault XP
 C = Vault XP percentage of total XP
 D = Non-vault monster count
 E = Vault monster count
 F = Vault count percentage of total count
                 A         B        C        D         E       F
            +---------+---------+-------+---------+---------+-------
      Total |  153738 |   43676 |  22.1 |     779 |     190 |  19.6
            +---------+---------+-------+---------+---------+-------
        D:1 |      43 |       0 |   0.0 |      23 |       0 |   0.0
        D:2 |      37 |       4 |   9.8 |      12 |       3 |  20.0
        D:3 |     352 |     314 |  47.1 |      34 |       3 |   8.1
        D:4 |     183 |     600 |  76.6 |      10 |       1 |   9.1
        D:5 |     357 |       0 |   0.0 |      18 |       0 |   0.0
        D:6 |     784 |     893 |  53.2 |      25 |       5 |  16.7
        D:7 |     808 |    3845 |  82.6 |      16 |      38 |  70.4
        D:8 |    1011 |     398 |  28.2 |      16 |       1 |   5.9
        D:9 |    1164 |     379 |  24.6 |      17 |       9 |  34.6
       D:10 |    1834 |       0 |   0.0 |      30 |       0 |   0.0
       D:11 |    2530 |     971 |  27.7 |      27 |      33 |  55.0
       D:12 |    3361 |    1296 |  27.8 |      28 |       8 |  22.2
       D:13 |    4295 |    1808 |  29.6 |      24 |       2 |   7.7
       D:14 |   11578 |       0 |   0.0 |      32 |       0 |   0.0
       D:15 |    9365 |    1921 |  17.0 |      27 |       3 |  10.0
     Lair:1 |    4628 |    1016 |  18.0 |      24 |       1 |   4.0
     Lair:2 |    5068 |    2580 |  33.7 |      19 |       4 |  17.4
     Lair:3 |    2854 |    1444 |  33.6 |      19 |       6 |  24.0
     Lair:4 |    6763 |    2009 |  22.9 |      30 |      15 |  33.3
     Lair:5 |   12009 |     196 |   1.6 |      33 |       1 |   2.9
     Lair:6 |   27738 |    2805 |   9.2 |      58 |       8 |  12.1
   Shoals:1 |   12703 |       0 |   0.0 |      25 |       0 |   0.0
   Spider:1 |   14361 |    2999 |  17.3 |      48 |      16 |  25.0
   Spider:2 |   11282 |    1948 |  14.7 |      34 |       1 |   2.9
   Spider:3 |   12384 |    8460 |  40.6 |      43 |       1 |   2.3
      Orc:1 |    2407 |       0 |   0.0 |      40 |       0 |   0.0
      Orc:2 |    3839 |    7790 |  67.0 |      67 |      31 |  31.6
            +---------+---------+-------+---------+---------+-------
